NYP
VANCOUVER CANADIANS @ TRI-CITY VALLEYCATS
06/12/2048
 
TOP OF THE 1ST
Vancouver Canadians batting - Pitching for Tri-City ValleyCats : LHP Joey Callanta
Pitching: LHP Joey Callanta
Batting: RHB Kennet Strijbis 0-0: Ball
1-0: Ball
2-0: Ground out U3 (Groundball, 34S, EV 75.6 MPH)
Batting: RHB Carlos Renteria 0-0: Ball
1-0: Ground out 6-3 (Groundball, 6, EV 91.2 MPH)
Batting: RHB Paul Healy 0-0: Ball
1-0: Foul Ball, location: 2F
1-1: Swinging Strike
1-2: Strikes out swinging
Top of the 1st over - 0 runs, 0 hits, 0 errors, 0 left on base; Vancouver 0 - Tri-City 0
BOTTOM OF THE 1ST
Tri-City ValleyCats batting - Pitching for Vancouver Canadians : RHP John York
Pitching: RHP John York
Batting: LHB Bruce Arvizu 0-0: Foul Ball, location: 2F
0-1: Called Strike
0-2: Foul Ball, location: 2F
0-2: Ball
1-2: Ball
2-2: Strikes out looking
Batting: RHB Omar Amaya 0-0: Ball
1-0: Called Strike
1-1: Ground out 5-3 (Groundball, 56, EV 105.0 MPH)
Batting: RHB Erik Smith 0-0: Foul Ball, location: 2F
0-1: Swinging Strike
0-2: Strikes out swinging
Bottom of the 1st over - 0 runs, 0 hits, 0 errors, 0 left on base; Vancouver 0 - Tri-City 0
TOP OF THE 2ND
Vancouver Canadians batting - Pitching for Tri-City ValleyCats : LHP Joey Callanta
Batting: RHB Nikita Schram 0-0: SOLO HOME RUN (Flyball, 7D, EV 93.8 MPH), Distance : 367 ft
Batting: RHB George King 0-0: Foul Ball, location: 2F
0-1: Called Strike
0-2: Strikes out swinging
Batting: RHB Brian Manson 0-0: Ball
1-0: Ball
2-0: Bunted foul
2-1: SINGLE (Groundball, 56D, EV 96.9 MPH)
Batting: RHB Elliot Manfredini 0-0: Ball
1-0: Foul Ball, location: 2F
1-1: Ball
2-1: Foul Ball, location: 2F
2-2: Ball
Wild Pitch!
Brian Manson to second
3-2: Fly out, F8 (Flyball, 8RS, EV 93.1 MPH)
Batting: RHB Ricky Carbajal 0-0: Swinging Strike
0-1: Foul Ball, location: 2F
0-2: Ball
1-2: Foul Ball, location: 2F
1-2: Foul Ball, location: 2F
1-2: Ball
2-2: SINGLE (Groundball, 56S, EV 71.2 MPH) (infield hit)
Brian Manson to third
Batting: RHB Mike Strey 0-0: Foul Ball, location: 2F
0-1: Ball
Ricky Carbajal steals 2nd base
1-1: Ball
2-1: Ball
3-1: Base on Balls
Batting: RHB Kennet Strijbis 0-0: Fly out, F9 (Flyball, 9, EV 95.6 MPH)
Top of the 2nd over - 1 run, 3 hits, 0 errors, 3 left on base; Vancouver 1 - Tri-City 0
BOTTOM OF THE 2ND
Tri-City ValleyCats batting - Pitching for Vancouver Canadians : RHP John York
Batting: RHB Dinand Brouwer 0-0: Fly out, F8 (Flyball, 8RM, EV 80.0 MPH)
Batting: RHB Drew Coleman 0-0: Foul Ball, location: 2F
0-1: Ball
1-1: Foul Ball, location: 2F
1-2: Ground out 4-3 (Groundball, 4, EV 91.2 MPH)
Batting: RHB Steve Moore 0-0: Called Strike
0-1: Ball
1-1: SINGLE (Line Drive, 89S, EV 92.5 MPH)
Batting: RHB Yoshitoshi Mori 0-0: Foul Ball, location: 2F
0-1: 2-RUN HOME RUN (Flyball, 7D, EV 92.5 MPH), Distance : 363 ft
Batting: LHB Omar Marquez 0-0: Ball
1-0: Ground out 6-3 (Groundball, 6S, EV 78.8 MPH)
Bottom of the 2nd over - 2 runs, 2 hits, 0 errors, 0 left on base; Vancouver 1 - Tri-City 2
TOP OF THE 3RD
Vancouver Canadians batting - Pitching for Tri-City ValleyCats : LHP Joey Callanta
Batting: RHB Carlos Renteria 0-0: Ball
1-0: Ground out 6-3 (Groundball, 6, EV 90.6 MPH)
Batting: RHB Paul Healy 0-0: Called Strike
0-1: Ball
1-1: Swinging Strike
1-2: Ball
2-2: Ball
3-2: Foul Ball, location: 2F
3-2: Foul Ball, location: 2F
3-2: Fly out, F2 (Popup, 2RF, EV 86.2 MPH)
Batting: RHB Nikita Schram 0-0: Called Strike
0-1: Foul Ball, location: 2F
0-2: Ball
1-2: Strikes out swinging
Top of the 3rd over - 0 runs, 0 hits, 0 errors, 0 left on base; Vancouver 1 - Tri-City 2
BOTTOM OF THE 3RD
Tri-City ValleyCats batting - Pitching for Vancouver Canadians : RHP John York
Batting: RHB To-wai Chen 0-0: Bunt for hit to 23 - play at first, batter safe!
Batting: LHB Bruce Arvizu 0-0: Ball
1-0: Fielders Choice at 2nd, 4-6 (Groundball, 4, EV 78.1 MPH)
Batting: RHB Omar Amaya 0-0: Ball
1-0: Called Strike
1-1: Ball
2-1: Swinging Strike
2-2: Strikes out swinging
Batting: RHB Erik Smith 0-0: Ball
1-0: Swinging Strike
1-1: Called Strike
1-2: Strikes out swinging
Bottom of the 3rd over - 0 runs, 1 hit, 0 errors, 1 left on base; Vancouver 1 - Tri-City 2
TOP OF THE 4TH
Vancouver Canadians batting - Pitching for Tri-City ValleyCats : LHP Joey Callanta
Batting: RHB George King 0-0: Called Strike
0-1: Ball
1-1: Ball
2-1: Called Strike
2-2: Ball
3-2: Base on Balls
Batting: RHB Brian Manson 0-0: Called Strike
0-1: Ball
1-1: Foul Ball, location: 2F
1-2: Ball
2-2: Strikes out swinging
Batting: RHB Elliot Manfredini 0-0: Ball
1-0: Swinging Strike
Passed Ball!
George King to second
1-1: Ball
2-1: Called Strike
2-2: Ball
3-2: Foul Ball, location: 2F
3-2: Ground out 6-3 (Groundball, 6, EV 93.1 MPH)
George King to third
Batting: RHB Ricky Carbajal 0-0: Called Strike
0-1: Ball
1-1: Foul Ball, location: 2F
1-2: Ground out 4-3 (Groundball, 4, EV 81.2 MPH)
Top of the 4th over - 0 runs, 0 hits, 0 errors, 1 left on base; Vancouver 1 - Tri-City 2
BOTTOM OF THE 4TH
Tri-City ValleyCats batting - Pitching for Vancouver Canadians : RHP John York
Batting: RHB Dinand Brouwer 0-0: Called Strike
0-1: Ball
1-1: Ball
2-1: Foul Ball, location: 2F
2-2: Ball
3-2: Ground out 5-3 (Groundball, 56, EV 91.2 MPH)
Batting: RHB Drew Coleman 0-0: Ball
1-0: Ball
2-0: Fly out, F7 (Line Drive, 7S, EV 87.5 MPH)
Batting: RHB Steve Moore 0-0: Fly out, F7 (Flyball, 7, EV 90.0 MPH)
Bottom of the 4th over - 0 runs, 0 hits, 0 errors, 0 left on base; Vancouver 1 - Tri-City 2
TOP OF THE 5TH
Vancouver Canadians batting - Pitching for Tri-City ValleyCats : LHP Joey Callanta
Batting: RHB Mike Strey 0-0: Called Strike
0-1: Called Strike
0-2: Ball
1-2: Ball
2-2: Strikes out looking
Batting: RHB Kennet Strijbis 0-0: Ball
1-0: SINGLE (Line Drive, 5L, EV 95.0 MPH)
Batting: RHB Carlos Renteria 0-0: Ball
1-0: Ball
Kennet Strijbis steals 2nd base
2-0: Ball
3-0: Called Strike
3-1: SINGLE (Line Drive, 4D, EV 104.4 MPH)
Kennet Strijbis to third
Runner from 3rd tries for Home, SAFE, throw by CF to home
Batting: RHB Paul Healy 0-0: Called Strike
Pickoff Play to 1st, Runner tries for 2nd, OUT after rundown.
0-1: Foul Ball, location: 2F
0-2: Foul Ball, location: 2F
0-2: Strikes out swinging
Top of the 5th over - 1 run, 2 hits, 0 errors, 0 left on base; Vancouver 2 - Tri-City 2
BOTTOM OF THE 5TH
Tri-City ValleyCats batting - Pitching for Vancouver Canadians : RHP John York
Batting: RHB Yoshitoshi Mori 0-0: Ball
1-0: Ground out 6-3 (Groundball, 56, EV 84.4 MPH)
Batting: LHB Omar Marquez 0-0: Called Strike
0-1: Foul Ball, location: 2F
0-2: Strikes out swinging
Batting: RHB To-wai Chen 0-0: Swinging Strike
0-1: Foul Ball, location: 2F
0-2: Strikes out swinging
Bottom of the 5th over - 0 runs, 0 hits, 0 errors, 0 left on base; Vancouver 2 - Tri-City 2
TOP OF THE 6TH
Vancouver Canadians batting - Pitching for Tri-City ValleyCats : LHP Joey Callanta
Pitching: LHP Ruben Rojas
Batting: RHB Nikita Schram 0-0: Called Strike
0-1: Ball
1-1: SINGLE (Line Drive, 9S, EV 108.1 MPH)
Batting: RHB George King 0-0: Ball
Passed Ball!
Nikita Schram to second
1-0: Called Strike
1-1: Called Strike
1-2: Ball
Wild Pitch!
Nikita Schram to third
2-2: Strikes out swinging
Batting: RHB Brian Manson 0-0: Foul Ball, location: 2F
0-1: Ball
1-1: Foul Ball, location: 2F
1-2: Strikes out swinging, 2-3 out at first.
Batting: RHB Elliot Manfredini 0-0: SINGLE (Flyball, 6D, EV 91.9 MPH)
Nikita Schram scores
Batting: RHB Ricky Carbajal 0-0: Ball
1-0: Ball
2-0: DOUBLE (Groundball, 3L, EV 103.1 MPH)
Elliot Manfredini to third
Runner from 3rd tries for Home, throw by RF and OUT! 9-4-2
Top of the 6th over - 1 run, 3 hits, 0 errors, 1 left on base; Vancouver 3 - Tri-City 2
BOTTOM OF THE 6TH
Tri-City ValleyCats batting - Pitching for Vancouver Canadians : RHP John York
Batting: LHB Bruce Arvizu 0-0: Called Strike
0-1: Ball
1-1: Foul Ball, location: 2F
1-2: Ball
2-2: Fly out, F8 (Flyball, 8LD, EV 102.5 MPH)
Batting: RHB Omar Amaya 0-0: Foul Ball, location: 2F
0-1: Swinging Strike
0-2: Strikes out swinging, 2-3 out at first.
Batting: RHB Erik Smith 0-0: Ball
1-0: Called Strike
1-1: Ball
2-1: Ball
3-1: Called Strike
3-2: Fly out, F8 (Line Drive, 8RD, EV 91.9 MPH)
Bottom of the 6th over - 0 runs, 0 hits, 0 errors, 0 left on base; Vancouver 3 - Tri-City 2
TOP OF THE 7TH
Vancouver Canadians batting - Pitching for Tri-City ValleyCats : LHP Ruben Rojas
Batting: RHB Mike Strey 0-0: Swinging Strike
0-1: Called Strike
0-2: Strikes out looking
Batting: RHB Kennet Strijbis 0-0: Called Strike
0-1: Called Strike
0-2: Foul Ball, location: 2F
0-2: Strikes out swinging
Batting: RHB Carlos Renteria 0-0: Ball
1-0: Ball
2-0: Foul Ball, location: 2F
2-1: Foul Ball, location: 2F
2-2: Strikes out swinging
Top of the 7th over - 0 runs, 0 hits, 0 errors, 0 left on base; Vancouver 3 - Tri-City 2
BOTTOM OF THE 7TH
Tri-City ValleyCats batting - Pitching for Vancouver Canadians : RHP John York
Batting: RHB Dinand Brouwer 0-0: Swinging Strike
0-1: Ball
1-1: Fly out, F8 (Line Drive, 78M, EV 96.9 MPH)
Batting: RHB Drew Coleman 0-0: Ball
1-0: Ball
2-0: Ground out 4-3 (Groundball, 4, EV 98.8 MPH)
Batting: RHB Steve Moore 0-0: Ball
1-0: Foul Ball, location: 2F
1-1: Ball
2-1: Foul Ball, location: 2F
2-2: Ball
3-2: Strikes out swinging
Bottom of the 7th over - 0 runs, 0 hits, 0 errors, 0 left on base; Vancouver 3 - Tri-City 2
TOP OF THE 8TH
Vancouver Canadians batting - Pitching for Tri-City ValleyCats : LHP Ruben Rojas
Pitching: RHP Addick Huiberts
Batting: RHB Paul Healy 0-0: Called Strike
0-1: Ball
1-1: Ball
2-1: Ground out 6-3 (Groundball, 6, EV 98.8 MPH)
Batting: RHB Nikita Schram 0-0: Ball
1-0: Swinging Strike
1-1: Ball
2-1: Foul Ball, location: 2F
2-2: Ball
3-2: Strikes out swinging
Batting: RHB George King 0-0: Called Strike
0-1: Ball
1-1: Called Strike
1-2: Strikes out swinging, 2-3 out at first.
Top of the 8th over - 0 runs, 0 hits, 0 errors, 0 left on base; Vancouver 3 - Tri-City 2
BOTTOM OF THE 8TH
Tri-City ValleyCats batting - Pitching for Vancouver Canadians : RHP John York
Batting: RHB Yoshitoshi Mori 0-0: Foul Ball, location: 2F
0-1: Foul Ball, location: 2F
0-2: Strikes out looking
Batting: LHB Omar Marquez 0-0: Called Strike
0-1: Ground out 6-3 (Groundball, 4MS, EV 69.4 MPH)
Pinch Hitting: LHB Tomas de Zeeuw 0-0: Swinging Strike
0-1: Foul Ball, location: 2F
0-2: Ball
1-2: Ball
2-2: Ground out 6-3 (Groundball, 6MS, EV 86.9 MPH)
Bottom of the 8th over - 0 runs, 0 hits, 0 errors, 0 left on base; Vancouver 3 - Tri-City 2
TOP OF THE 9TH
Vancouver Canadians batting - Pitching for Tri-City ValleyCats : RHP Addick Huiberts
Now at 1B: Tomas de Zeeuw
Now at 3B: Dinand Brouwer
Pinch Hitting: LHB Ray Whitehead 0-0: Ball
1-0: Called Strike
1-1: SINGLE (Groundball, 4MD, EV 95.6 MPH)
Batting: RHB Elliot Manfredini 0-0: Ball
1-0: Ball
2-0: Foul Ball, location: 2F
2-1: Ball
3-1: Base on Balls
Ray Whitehead to second
Batting: RHB Ricky Carbajal 0-0: Bunt - Flyout to 13S! F1
Batting: RHB Mike Strey 0-0: Called Strike
0-1: Swinging Strike
0-2: Ground out 5-3 (Groundball, 56S, EV 80.6 MPH)
Ray Whitehead to third
Elliot Manfredini to second
Batting: RHB Kennet Strijbis 0-0: Called Strike
0-1: Swinging Strike
0-2: Ground out 6-3 (Groundball, 6, EV 78.8 MPH)
Top of the 9th over - 0 runs, 1 hit, 0 errors, 2 left on base; Vancouver 3 - Tri-City 2
BOTTOM OF THE 9TH
Tri-City ValleyCats batting - Pitching for Vancouver Canadians : RHP John York
Pitching: RHP Josh Long
Now in LF: Adam Santarelli
Now in CF: Dan Hilyer
Batting: LHB Bruce Arvizu 0-0: Ball
1-0: Fly out, F5 (Line Drive, 5L, EV 65.6 MPH)
Batting: RHB Omar Amaya 0-0: Called Strike
0-1: Called Strike
0-2: Strikes out swinging
Batting: RHB Erik Smith 0-0: Called Strike
0-1: Swinging Strike
0-2: Hit by Pitch
Batting: RHB Dinand Brouwer 0-0: Called Strike
0-1: Fielders Choice at 2nd, 6-4 (Groundball, 6, EV 103.1 MPH)
Bottom of the 9th over - 0 runs, 0 hits, 0 errors, 1 left on base; Vancouver 3 - Tri-City 2
Tuesday, March 28th , 2023 - OOTP Baseball 23.10 Build 110